 Dungeon Crawl Stone Soup version 0.19.1 (webtiles) character file.

29478 Julmust the Destroyer (level 13, -2/79 HPs)
             Began as a Demonspawn Wizard on Nov 23, 2016.
             Was a High Priest of Vehumet.
             Slain by Rupert
             ... wielding a +1 battleaxe of electrocution
              (23 damage)
             ... on level 5 of the Lair of Beasts.
             The game lasted 00:59:25 (19915 turns).

Julmust the Destroyer (Demonspawn Wizard)          Turns: 19915, Time: 00:59:26

Health: -2/79      AC: 14    Str:  4    XL:     13   Next: 15%
Magic:  0/28       EV: 12    Int: 25    God:    Vehumet [*****.]
Gold:   909        SH:  0    Dex: 12    Spells: 9 memorised, 7 levels left

rFire  . . .     SeeInvis .     F - +9 dagger of Ragnarok {pierce, *Noise rElec rN+}
rCold  . . .     Gourm    .     a - +0 robe
rNeg   + + +     Faith    +     (no shield)
rPois  +         Spirit   +     b - +1 hat
rElec  +         Reflect  .     Q - +0 cloak
rCorr  .         Harm     .     e - +2 pair of gloves
MR     .....                    A - +0 pair of boots
Stlth  +++.......               x - amulet of the Princess {Faith rPois rN++ Str-5 Stlth+}
                                (no ring)
                                g - +2 ring of intelligence

@: about to teleport, sanguine armour, repel missiles
A: antennae 2, magic shield, rot immunity, sanguine armour 1
a: Renounce Religion


You were on level 5 of the Lair of Beasts.
You worshipped Vehumet.
Vehumet was extremely pleased with you.
You were near starving.

You visited 3 branches of the dungeon, and saw 15 of its levels.
You also visited: Volcano.

You collected 909 gold pieces.

Inventory:

Hand Weapons
 v - a +2 short sword of electrocution
 F - the +9 dagger of Ragnarok (weapon) {pierce, *Noise rElec rN+}
   (You found it on level 7 of the Dungeon)

   It inflicts extra damage upon your enemies.
   It insulates you from electricity.
   It protects you from negative energy.
   It may make noises in combat.
Armour
 a - a +0 robe (worn)
 b - a +1 hat (worn)
 e - a +2 pair of gloves (worn)
 A - a +0 pair of boots (worn)
 Q - a +0 cloak (worn)
Magical Staves
 y - an uncursed staff of air
Rods
 L - a -3 iron rod (9/9)
   (You found it on level 9 of the Dungeon)
Jewellery
 g - a +2 ring of intelligence (left hand)
 h - an uncursed amulet of magic regeneration {unknown}
 n - an uncursed amulet of harm
 x - the amulet of the Princess (around neck) {Faith rPois rN++ Str-5 Stlth+}
   (You found it on level 5 of the Dungeon)

   [amulet of faith]

   It allows you to gain divine favour quickly.
   It affects your strength (-5).
   It protects you from poison.
   It greatly protects you from negative energy.
   It makes you more stealthy.
 z - a +3 ring of strength
 I - a +3 amulet of reflection {unknown}
 O - an uncursed amulet of regeneration {unknown}
Wands
 k - a wand of digging (17/24)
 l - a wand of paralysis (2/24)
 t - a wand of iceblast (2/15)
 B - a wand of acid (0/15)
 P - a wand of slowing (27/48)
Scrolls
 f - 2 scrolls of immolation
 j - 16 scrolls of identify
 p - a scroll of enchant armour
 r - 2 scrolls of recharging
 u - 4 scrolls of remove curse
 D - 4 scrolls of enchant weapon
 E - a scroll of amnesia
 G - 2 scrolls of magic mapping
Potions
 s - 6 potions of curing
 H - 2 potions of agility
 N - a potion of heal wounds
 R - a potion of resistance
Books
 c - a book of Minor Magic

   Spells                             Type                      Level
   a - Magic Dart                     Conjuration                  1
   b - Blink                          Translocation                2
   c - Call Imp                       Summoning                    2
   d - Repel Missiles                 Charms/Air                   2
   e - Slow                           Hexes                        2
   f - Conjure Flame                  Conjuration/Fire             3
   g - Mephitic Cloud                 Conjuration/Poison/Air       3
 w - a book of Frost

   Spells                             Type                      Level
   a - Freeze                         Ice                          1
   b - Throw Frost                    Conjuration/Ice              2
   c - Ozocubu's Armour               Charms/Ice                   3
   d - Throw Icicle                   Conjuration/Ice              4
   e - Summon Ice Beast               Ice/Summoning                4
 J - a book of Flames

   Spells                             Type                      Level
   a - Flame Tongue                   Conjuration/Fire             1
   b - Throw Flame                    Conjuration/Fire             2
   c - Conjure Flame                  Conjuration/Fire             3
   d - Inner Flame                    Hexes/Fire                   3
   e - Sticky Flame                   Conjuration/Fire             4
   f - Fireball                       Conjuration/Fire             5
Comestibles
 d - 5 bread rations
 i - 9 meat rations
 m - 12 fruits
 o - 5 beef jerkies
 K - 8 slices of pizza
 M - 2 royal jellies


   Skills:
 - Level 1.7 Dodging
 - Level 1.7 Stealth
 + Level 11.4 Spellcasting
 + Level 14.3 Conjurations
   Level 1.0 Summonings
 - Level 0.8 Translocations
 + Level 11.0 Fire Magic


You had 7 spell levels left.
You knew the following spells:

 Your Spells              Type           Power        Failure   Level  Hunger
a - Magic Dart            Conj           ####         0%          1    None
b - Throw Icicle          Conj/Ice       ######..     1%          4    None
c - Mephitic Cloud        Conj/Pois/Air  #####...     1%          3    None
d - Fireball              Conj/Fire      ######....   1%          5    ###....
e - Static Discharge      Conj/Air       ######..     1%          3    None
f - Conjure Flame         Conj/Fire      ######..     1%          3    None
g - Repel Missiles        Chrm/Air       ##....       10%         2    None
h - Blink                 Tloc           N/A          6%          2    None
v - Sticky Flame          Conj/Fire      ######..     1%          4    None


Dungeon Overview and Level Annotations

Branches:
Dungeon (9/15)             Temple (1/1) D:5            Lair (5/6) D:8
  Swamp (0/4) Lair:3       Spider (0/4) Lair:4          Orc (0/2) D:9
  Slime: Lair:5-6

Altars:
Ashenzari
Cheibriados
Dithmenos
Elyvilon
Fedhas
Gozag
Hepliaklqana
Kikubaaqudgha
Makhleb
Nemelex Xobeh
Okawaru
Qazlal
Ru
Sif Muna
Trog
Uskayaw
Vehumet
Xom
Yredelemnul
Zin
The Shining One

Annotations:
D:3 Grinder
Lair:3 exclusion: oklob plant
Lair:5 Banto's ghost, journeyman HESk; Rupert


Innate Abilities, Weirdness & Mutations

You have a pair of antennae on your head.
When hurt, damage is shared between your health and your magic reserves.
You are immune to rotting.
When seriously injured, your bleeding wounds create armour. (AC +6)


Message History

The bullfrog hits you!
Rupert hits you with a battleaxe of electrocution!!
Your blood congeals into armour.
The bullfrog hits you.
Rupert hits you with a battleaxe of electrocution!!
* * * LOW HITPOINT WARNING * * *
The bullfrog hits you but does no damage.
You can move again.
Unknown command.
Unknown command.
Unknown command.
Okay, then.
You feel much better. The bullfrog barely misses you. Rupert barely misses you.
As you read the scroll of teleportation, it crumbles to dust.
You feel strangely unstable. The bullfrog hits you.
Rupert hits you with a battleaxe of electrocution!!
* * * LOW HITPOINT WARNING * * *
The bullfrog misses you.
You see here a fruit.
Rupert hits you with a battleaxe of electrocution!!
You die...

.............................
.............................
.............................
.............................
#............P.....##...###..
#......=...........###.P# #..
###.....%.....##.....##..# #..
.................#....###..###..
............lFP@.P.....#....#...
..##..........@..............#..
#...#.........%..........#..#....
....##....P.......#.....#.#.##...
.P..........%..........##..##.#..
...............P.................
.......=.........................
.............(...................
.#..... ......%..................


You could see Rupert (berserk), a komodo dragon and a bullfrog.

Vanquished Creatures
  A red draconian (Volcano)
  A hydra (Lair:4)
  A centaur warrior (Volcano)
  Pikel (D:4)
  5 black mambas
  8 spiny frogs
  6 elephants (Lair:4)
  2 molten gargoyles (Volcano)
  2 rime drakes
  7 komodo dragons
  2 yaktaurs (Volcano)
  A hornet (D:8)
  7 blink frogs
  6 hippogriffs
  The ghost of glitchdot the Grave Robber, an amateur HuNe of Hepliaklqana (D:3)
  Sigmund (D:3)
  3 wyverns
  3 basilisks (Lair:2)
  Eustachio (D:4)
  26 yaks
  2 fire bats (Volcano)
  2 hungry ghosts
  A human (D:8)
  3 hogs (D:8)
  Menkaure (D:4)
  Edmund (D:5)
  2 hell hounds (D:8)
  10 water moccasins
  7 porcupines
  3 orc warriors
  A sky beast (D:5)
  An ice beast (D:9)
  3 slaves
  4 necrophages
  A phantom (D:9)
  2 ogres
  9 wolves
  15 crocodiles
  4 centaurs
  Blork the orc (D:4)
  3 big kobolds
  10 bullfrogs
  A scorpion (D:6)
  12 killer bees
  6 wights
  4 electric eels (Lair:3)
  2 howler monkeys
  2 jellies
  7 lava snakes (Volcano)
  3 crimson imps
  A bullfrog zombie (D:5)
  2 centaur zombies
  7 hounds
  A quasit (D:9)
  A gnoll shaman (D:7)
  11 orc priests
  6 orc wizards
  Jessica (D:2)
  3 iguanas (D:9)
  Natasha (twice) (D:4)
  5 worker ants
  2 hell rats (Lair:2)
  2 killer bee zombies
  2 hound skeletons (D:4)
  9 gnolls (D:7)
  10 river rats (Lair:2)
  10 adders
  2 shadow imps
  2 oozes
  3 adder zombies
  An adder skeleton (D:7)
  2 worms
  3 dart slugs
  11 leopard geckos
  43 orcs
  6 bats
  5 giant cockroaches
  2 goblins
  7 hobgoblins
  11 jackals
  28 kobolds
  7 quokkas
  2 ball pythons
  8 frilled lizards
  A jackal zombie (D:5)
  A leopard gecko skeleton (D:6)
  A quokka skeleton (D:7)
  5 rats
  A fungus (Lair:3)
435 creatures vanquished.

Vanquished Creatures (others)
  A hound (D:5)
  2 worker ants
  Natasha (D:4)
  A quokka (D:5)
  18 fungi
  5 plants
28 creatures vanquished.

Grand Total: 463 creatures vanquished

Notes
Turn   | Place    | Note
-------+----------+-------------------------------------------
     0 | D:1      | Julmust the Demonspawn Wizard began the quest for the Orb.
     0 | D:1      | Reached XP level 1. HP: 13/13 MP: 4/4
   578 | D:1      | Reached skill level 2 in Conjurations
   621 | D:1      | Gained mutation: You have a pair of small antennae on your head. [demonic ancestry]
   621 | D:1      | Reached XP level 2. HP: 19/19 MP: 4/6
  1283 | D:1      | Reached skill level 3 in Conjurations
  1283 | D:1      | Reached XP level 3. HP: 24/24 MP: 2/7
  1565 | D:2      | Learned a level 3 spell: Mephitic Cloud
  1569 | D:2      | Learned a level 3 spell: Conjure Flame
  1727 | D:2      | Found a shattered altar of Ashenzari.
  1729 | D:2      | Noticed Jessica
  1900 | D:2      | Killed Jessica
  1900 | D:2      | Reached skill level 4 in Conjurations
  1900 | D:2      | Reached XP level 4. HP: 30/30 MP: 3/8
  2342 | D:2      | Found an opulent altar of Gozag.
  2346 | D:2      | Found a hide-covered altar of Uskayaw.
  2350 | D:2      | Found a blossoming altar of Fedhas.
  2491 | D:3      | Gained mutation: When hurt, damage is shared between your health and your magic reserves. [demonic ancestry]
  2491 | D:3      | Reached XP level 5. HP: 27/35 MP: 4/9
  2575 | D:3      | Noticed Grinder
  2597 | D:3      | Reached skill level 5 in Conjurations
  2621 | D:3      | Noticed glitchdot's ghost (amateur HuNe)
  2696 | D:3      | Noticed Sigmund
  2867 | D:3      | Killed Sigmund
  2867 | D:3      | Reached skill level 6 in Conjurations
  2867 | D:3      | Reached XP level 6. HP: 41/41 MP: 5/10
  2885 | D:3      | Killed glitchdot's ghost
  2885 | D:3      | Reached skill level 7 in Conjurations
  3106 | D:3      | Gained mutation: You have a pair of antennae on your head. [demonic ancestry]
  3106 | D:3      | Reached XP level 7. HP: 46/46 MP: 6/11
  3615 | D:4      | Noticed Blork the orc
  3615 | D:4      | Noticed Pikel
  3701 | D:4      | Noticed Eustachio
  3704 | D:4      | Noticed Menkaure
  3806 | D:4      | Killed Eustachio
  3806 | D:4      | Reached skill level 8 in Conjurations
  3909 | D:4      | Killed Pikel
  3909 | D:4      | Reached skill level 9 in Conjurations
  3909 | D:4      | Reached XP level 8. HP: 23/52 MP: 0/12
  3920 | D:4      | Killed Blork the orc
  3920 | D:4      | Reached skill level 10 in Conjurations
  4165 | D:4      | Noticed Natasha
  4186 | D:4      | Killed Natasha
  4254 | D:4      | Noticed Natasha
  4258 | D:4      | Killed Natasha
  4329 | D:4      | Killed Menkaure
  4519 | D:4      | Found a stormy altar of Qazlal.
  4619 | D:4      | Killed Natasha
  4631 | D:5      | Entered Level 5 of the Dungeon
  4655 | D:5      | Reached skill level 11 in Conjurations
  4903 | D:5      | Got a bound zirconium amulet
  4906 | D:5      | Found a staircase to the Ecumenical Temple.
  4907 | D:5      | Identified the amulet of the Princess {Faith rPois rN++ Str-5 Stlth+} (You found it on level 5 of the Dungeon)
  4933 | Temple   | Entered the Ecumenical Temple
  4981 | Temple   | Became a worshipper of Vehumet
  5022 | D:5      | Noticed Edmund
  5056 | D:5      | Killed Edmund
  5342 | D:5      | Reached XP level 9. HP: 29/57 MP: 0/14
  5509 | D:5      | Found a white marble altar of Elyvilon.
  6147 | D:5      | Found a glowing golden altar of the Shining One.
  6244 | D:5      | Found a sparkling altar of Nemelex Xobeh.
  6375 | D:6      | Reached * piety under Vehumet
  6375 | D:6      | Offered knowledge of Sting by Vehumet.
  6378 | D:6      | Found a sacrificial altar of Ru.
  6478 | D:6      | Reached skill level 5 in Spellcasting
  7753 | D:7      | Reached ** piety under Vehumet
  7757 | D:7      | Offered knowledge of Flame Tongue by Vehumet.
  7884 | D:7      | Found a bloodstained altar of Trog.
  7896 | D:7      | Got a dazzling dagger
  7897 | D:7      | Identified the +9 dagger of Ragnarok {pierce, *Noise rElec rN+} (You found it on level 7 of the Dungeon)
  8005 | D:7      | Learned a level 4 spell: Throw Icicle
  8141 | D:7      | Found a basalt altar of Yredelemnul.
  8336 | D:7      | Learned a level 2 spell: Repel Missiles
  8489 | D:8      | Offered knowledge of Static Discharge by Vehumet.
  8516 | D:8      | Learned a level 3 spell: Static Discharge
  8576 | D:8      | Reached *** piety under Vehumet
  8637 | D:8      | Found a staircase to the Lair.
  8652 | D:8      | Gained mutation: You are immune to rotting. [demonic ancestry]
  8652 | D:8      | Reached XP level 10. HP: 60/63 MP: 14/21
  8685 | D:8      | Reached skill level 12 in Conjurations
  8714 | D:8      | Got a steaming glaive
  8715 | D:8      | Identified the cursed +2 glaive of Xogrionn {chop, rElec rPois rC+ rN++} (You found it on level 8 of the Dungeon)
  8803 | D:8      | Offered knowledge of Iskenderun's Mystic Blast by Vehumet.
  9048 | D:8      | Reached skill level 1 in Fire Magic
  9260 | D:8      | Reached **** piety under Vehumet
  9383 | D:9      | Found a staircase to the Orcish Mines.
  9540 | D:9      | Offered knowledge of Venom Bolt by Vehumet.
 10096 | D:9      | Found a deep blue altar of Sif Muna.
 10367 | D:9      | HP: 3/63 [killer bee (7)]
 10669 | D:9      | Learned a level 5 spell: Fireball
 11167 | Lair:1   | Entered Level 1 of the Lair of Beasts
 11167 | Lair:1   | Noticed a black mamba
 11171 | Lair:1   | Killed a black mamba
 11441 | Lair:1   | Reached skill level 5 in Fire Magic
 11475 | Lair:1   | Noticed a black mamba
 11480 | Lair:1   | Killed a black mamba
 11480 | Lair:1   | Reached XP level 11. HP: 67/68 MP: 0/24
 11736 | Lair:1   | Reached ***** piety under Vehumet
 11871 | Lair:1   | Offered knowledge of Yara's Violent Unravelling by Vehumet.
 13207 | Lair:2   | Reached skill level 13 in Conjurations
 13806 | Lair:2   | Reached skill level 10 in Spellcasting
 15069 | Lair:2   | Reached XP level 12. HP: 35/74 MP: 4/26
 15294 | Lair:3   | Upgraded the game from 0.19.0-24-gb05acd6 to 0.19.1
 15545 | Lair:3   | Offered knowledge of Fulminant Prism by Vehumet.
 15580 | Lair:3   | Found a staircase to the Swamp.
 15922 | Lair:3   | HP: 2/74 [komodo dragon (27)]
 16550 | Lair:3   | Learned a level 2 spell: Blink
 16555 | Lair:3   | Learned a level 4 spell: Sticky Flame
 17101 | Lair:4   | Found a hole to the Spider Nest.
 17312 | Lair:4   | Reached skill level 10 in Fire Magic
 18495 | Lair:4   | Noticed a four-headed hydra
 18498 | Lair:4   | Killed a four-headed hydra
 18498 | Lair:4   | Reached skill level 14 in Conjurations
 18678 | Lair:5   | Noticed Banto's ghost (journeyman HESk)
 18722 | Lair:5   | Found a dark tunnel.
 18730 | Volcano  | Entered a volcano
 19203 | Volcano  | Found a bloodstained altar of Trog.
 19203 | Volcano  | Noticed a centaur warrior
 19208 | Volcano  | Noticed a red draconian
 19238 | Volcano  | Killed a red draconian
 19238 | Volcano  | Gained mutation: When seriously injured, your bleeding wounds create armour. (AC +6) [demonic ancestry]
 19238 | Volcano  | Reached XP level 13. HP: 41/79 MP: 3/28
 19893 | Lair:5   | Noticed Rupert
 19906 | Lair:5   | Paralysed by Rupert for 6 turns
 19915 | Lair:5   | Slain by Rupert

Skill      XL: |  1  2  3  4  5  6  7  8  9 10 11 12 13 |
---------------+----------------------------------------+-----
Conjurations   | 2 3 4 6 7 9 11 12 13 14 | 14.3
Spellcasting   | 7 9 10 11 | 11.4
Fire Magic     | 5 8 10 11 | 11.0
Dodging        | |  1.7
Stealth        | |  1.7
Summonings     | |  1.0
Translocations | |  0.8

Action                   |  1- 3 |  4- 6 |  7- 9 | 10-12 | 13-15 || total
-------------------------+-------+-------+-------+-------+-------++-------
Melee: Unarmed           |     5 |       |       |       |       ||     5
       Trident           |       |    47 |    15 |       |       ||    62
       Dagger            |       |    20 |    94 |   298 |    12 ||   424
       Short sword       |       |       |   273 |       |       ||   273
 Cast: Magic Dart        |    86 |    55 |   157 |    37 |     1 ||   336
       Mephitic Cloud    |       |     6 |    28 |    25 |     5 ||    64
       Conjure Flame     |       |       |     8 |     5 |       ||    13
       Throw Icicle      |       |       |     3 |   219 |    14 ||   236
       Repel Missiles    |       |       |     1 |     1 |       ||     2
       Static Discharge  |       |       |       |    27 |       ||    27
       Fireball          |       |       |       |    51 |     6 ||    57
Evoke: Wand              |       |     4 |     9 |    11 |     1 ||    25
  Use: Scroll            |       |     6 |     6 |     6 |     1 ||    19
       Potion            |       |     3 |     4 |    10 |     3 ||    20
 Stab: Confused          |       |     5 |    20 |     9 |       ||    34
       Paralysed         |       |    12 |    11 |     1 |       ||    24
       Sleeping          |       |       |     5 |     1 |       ||     6
       Distracted        |       |       |     1 |       |       ||     1
  Eat: Chunk             |     1 |     5 |     5 |    24 |     1 ||    36
       Fruit             |     1 |       |     1 |     1 |       ||     3
       Bread ration      |       |       |     3 |     4 |       ||     7
       Pizza             |       |       |     1 |     1 |       ||     2
Armor: Robe              |     3 |    10 |    49 |   117 |     1 ||   180
       Skin              |       |     3 |       |       |       ||     3
Dodge: Dodged            |    12 |    16 |   204 |   250 |     9 ||   491
       Deflected         |       |       |       |     3 |       ||     3
